 Dungeon Crawl Stone Soup version 0.24.0-2-g5b39cebb1c (webtiles) character file.

Game seed: 14251697478862407639, levelgen mode: deterministic

898 Mrkan the Ruffian (level 7, -10/70 HPs)
             Began as a Troll Abyssal Knight on Oct 30, 2019.
             Was a Believer of Lugonu.
             Shot with an arrow by a centaur (15 damage)
             ... on level 5 of the Dungeon.
             The game lasted 00:08:48 (3897 turns).

Mrkan the Ruffian (Troll Abyssal Knight)            Turns: 3897, Time: 00:08:49

Health: -10/70     AC:  6    Str: 21    XL:     7   Next: 79%
Magic:  7/9        EV:  7    Int: 10    God:    Lugonu [**....]
Gold:   193        SH:  7    Dex:  9    Spells: 6/6 levels left

rFire    . . .     SeeInvis .     - Unarmed
rCold    . . .     Gourm    +   w - +0 shield
rNeg     . . .     Faith    .   a - +0 robe
rPois    .         Spirit   .   (helmet restricted)
rElec    .         Reflect  .   n - scarf {cloud immunity}
rCorr    .         Harm     .   (gloves unavailable)
MR       .....                  (boots unavailable)
Stlth    +.........             (no amulet)
HPRegen  0.61/turn              (no ring)
MPRegen  0.11/turn              (no ring)

@: lethally poisoned (-10 -> -10)
A: large, unfitting armour, claws 3, fast metabolism 3, gourmand, regeneration
1, shaggy fur 1, tough skin 3
a: Depart the Abyss, Bend Space, Renounce Religion


You were on level 5 of the Dungeon.
You worshipped Lugonu.
Lugonu was pleased with you.
You were completely stuffed.

You visited 1 branch of the dungeon, and saw 5 of its levels.
You visited the Abyss 1 time.

You collected 251 gold pieces.
You spent 58 gold pieces at shops.

Inventory:

Armour
 a - a +0 robe (worn)
 n - a scarf of cloud immunity (worn)
 w - a +0 shield (worn)
Jewellery
 q - a +3 ring of intelligence {unknown}
Wands
 p - a wand of iceblast (7)
 r - a wand of random effects (18)
 s - a wand of enslavement (9)
Scrolls
 c - 2 scrolls of amnesia {unknown}
 d - a scroll of teleportation {unknown}
 f - 3 scrolls of remove curse {unknown}
 g - a scroll of enchant armour {unknown}
 h - a scroll of enchant weapon {unknown}
 k - 7 scrolls of identify {unknown}
 l - a scroll of blinking {unknown}
 o - a scroll of magic mapping {unknown}
Potions
 e - a potion of resistance {unknown}
 i - 2 potions of might {unknown}
 j - a potion of ambrosia {unknown}
 m - 2 potions of invisibility {unknown}
 t - a potion of curing {unknown}
 u - a potion of lignification {unknown}
Comestibles
 b - 6 rations
 v - 7 chunks of flesh


   Skills:
 + Level 4.3 Fighting
 - Level 1.9 Dodging
 + Level 1.4 Shields
 * Level 6.4 Unarmed Combat
 + Level 4.1 Invocations


You had 6 spell levels left.
You didn't know any spells.
Your spell library was empty.

Dungeon Overview and Level Annotations

Branches:
Dungeon (5/15)             Temple (0/1) D:4

Altars:
Ashenzari
Dithmenos
Hepliaklqana
Qazlal
Trog
Yredelemnul

Shops:
D:4 }   D:5 [


Innate Abilities, Weirdness & Mutations

You are too large for most types of armour.
You have claws for hands.
Your metabolism is lightning-fast.
You like to eat raw meat.
Your natural rate of healing is unusually fast.
You are covered in fur. (AC +1)
You have extremely tough skin. (AC +3)


Message History

You block the centaur's attack.
The worker ant bites you but does no damage.
The centaur barely misses you.
The scorpion stings you but does no damage.
Okay, then.
Okay, then.
Space bends around you!
You blink.
You barely miss the worker ant.
The worker ant bites you but does no damage.
You scratch the worker ant.
The worker ant is lightly wounded.
The centaur wields a +0 shortbow.
The centaur shoots an arrow.
You block the arrow. The worker ant bites you.
* * * LOW HITPOINT WARNING * * *
You are poisoned.
The worker ant poisons you! Space bends around you!
You blink.
You feel sick.
The centaur shoots an arrow.
You block the arrow.
You feel sick.
The centaur shoots an arrow.
The arrow hits you!
You die...

....##......(## #..##
............(# #..#
............(### #..##
.......##......# #...#♣ .
.......##......# #...## #.
........(.c....####...### ##..
....#.###s....(##.......###...#
. # #.§a...##.#.........#
#.....@##.#.##.....####
######### #.#####.....#
#.#.........# #)#.##......#
#.#.##....... #.#.#.##......#
#.#.#......(..# #.#.####...(###
##.#.......#.((.


You could see a centaur, a scorpion and a worker ant.

Vanquished Creatures
  An ice beast (D:5)
  A phantom (D:4)
  2 ogres
  A centaur (D:5)
  Blork the orc (D:5)
  A scorpion (D:5)
  A crimson imp (D:5)
  An orc priest (D:5)
  3 orc wizards
  Ijyb (D:3)
  A worker ant (D:4)
  5 adders
  A shadow imp (D:5)
  An ooze (D:4)
  2 worms
  2 dart slugs
  5 leopard geckos
  15 orcs
  2 ball pythons
  6 bats
  2 giant cockroaches (D:4)
  5 hobgoblins
  7 jackals (D:3)
  A quokka (D:2)
  6 frilled lizards
  4 goblins
  8 kobolds
  A quokka skeleton (D:4)
  8 rats
95 creatures vanquished.

Notes
Turn   | Place    | Note
-------+----------+-------------------------------------------
     0 | Abyss:1  | Mrkan the Troll Abyssal Knight began the quest for the Orb.
     0 | Abyss:1  | Reached XP level 1. HP: 22/22 MP: 1/1
     0 | Abyss:1  | Found a corrupted altar of Lugonu.
   158 | Abyss:1  | Noticed a vampire
   193 | D:1      | Escaped the Abyss
   326 | D:1      | Reached XP level 2. HP: 29/29 MP: 2/2
   542 | D:1      | Reached * piety under Lugonu
   869 | D:2      | Found a hazy altar of Hepliaklqana.
   917 | D:2      | Reached XP level 3. HP: 32/36 MP: 3/3
  1037 | D:2      | HP: 1/36 [gnoll/cursed -1 halberd (15)]
  1129 | D:3      | Reached skill level 3 in Unarmed Combat
  1220 | D:3      | Reached XP level 4. HP: 29/44 MP: 4/4
  1391 | D:3      | Reached ** piety under Lugonu
  1649 | D:3      | Found a faded altar of an unknown god.
  1661 | D:3      | Found a shattered altar of Ashenzari.
  1701 | D:3      | Reached XP level 5. HP: 49/53 MP: 4/6
  1745 | D:3      | Noticed a moth of wrath
  1748 | D:3      | Found a bloodstained altar of Trog.
  1793 | D:3      | Noticed Ijyb
  1808 | D:3      | Killed Ijyb
  1808 | D:3      | Reached skill level 4 in Unarmed Combat
  1996 | D:3      | Found a basalt altar of Yredelemnul.
  2001 | D:3      | Found a stormy altar of Qazlal.
  2571 | D:4      | Noticed an ogre
  2611 | D:4      | Killed an ogre
  2611 | D:4      | Reached XP level 6. HP: 29/61 MP: 7/7
  2724 | D:4      | Found a shadowy altar of Dithmenos.
  2861 | D:4      | Found a staircase to the Ecumenical Temple.
  3009 | D:4      | Reached skill level 5 in Unarmed Combat
  3237 | D:4      | Found Epnagam's Gadget Emporium.
  3358 | D:5      | Entered Level 5 of the Dungeon
  3377 | D:5      | Reached XP level 7. HP: 65/68 MP: 8/8
  3395 | D:5      | Found Hesujochog's Armour Shoppe.
  3404 | D:5      | Bought a +0 shield for 58 gold pieces
  3504 | D:5      | Noticed Blork the orc
  3512 | D:5      | Killed Blork the orc
  3525 | D:5      | Reached skill level 1 in Shields
  3525 | D:5      | Reached skill level 6 in Unarmed Combat
  3897 | D:5      | Shot with an arrow by a centaur

Levels and vault maps discovered:
D:1:      minmay_arrival_solitary_statue, layout_rooms, hangedman_decor_push,
          minmay_crystal_water
D:2:      layout_loops_cross, marbit_many_paths
D:3:      layout_loops_corners, tgw_trog, minitemple,
          chequers_ecumenical_altar_twisty, ashenzari_altar_1, uniq_ijyb
D:4:      layout_gridville, minmay_temple_entry_junction, serial_shops,
          nicolae_shop_behind_doors, grunt_dithmenos_smoke_and_mirrors
D:5:      cheibrodos_iron_armory, layout_basic, serial_shops, shop,
          first_ration, minmay_fire_ice_demons, uniq_pikel, uniq_blork_the_orc,
          uniq_sigmund, uniq_menkaure

Skill      XL: |  1  2  3  4  5  6  7 |
---------------+----------------------+-----
Invocations    | 2 3 4 |  4.1
Unarmed Combat | 3 4 5 6 |  6.4
Fighting       | 3 4 |  4.3
Shields        | 1 |  1.4
Dodging        | |  1.9

Action                   |  1- 3 |  4- 6 |  7- 9 || total
-------------------------+-------+-------+-------++-------
Melee: Unarmed           |   104 |   158 |    57 ||   319
       Punch             |     1 |     3 |       ||     4
Invok: Depart the Abyss  |     1 |       |       ||     1
       Bend Space        |       |       |     2 ||     2
 Stab: Sleeping          |       |     1 |       ||     1
  Eat: Chunk             |    17 |    18 |     6 ||    41
Armor: Robe              |    44 |    41 |    16 ||   101
Dodge: Dodged            |    70 |    70 |    11 ||   151
Block: Shield            |       |       |    31 ||    31
